 Dungeon Crawl Stone Soup version 0.17-a0-2220-g6fea741 (webtiles) character file.

4389 ventricule the Basher (level 10, -3/47 HPs)
             Began as a Vine Stalker Fighter on Oct 28, 2015.
             Killed by divine providence
             ... invoked by an orc priest
              (11 damage)
             ... on level 10 of the Dungeon.
             The game lasted 00:41:45 (9018 turns).

ventricule the Basher (Vine Stalker Fighter)        Turns: 9018, Time: 00:41:45

Health: -3/47      AC: 24    Str: 20    XL:     10   Next: 35%
Magic:  0/14       EV:  9    Int:  8    God:    Xom [*.....]
Gold:   456        SH:  7    Dex: 14    Spells: 0 memorised, 9 levels left

rFire  . . .     SeeInvis .     J - +4 morningstar (protect)
rCold  . . .     Clarity  +     W - +0 plate armour
rNeg   + . .     SustAt   .     q - +0 buckler
rPois  .         Gourm    .     N - +0 helmet
rElec  .         Spirit   +     u - +2 cloak {+Inv}
rCorr  .         Warding  .     O - +0 pair of gloves
rMut   .         Stasis   .     (no boots)
MR     ++++.                    K - amulet of the Four Winds {Clar rN+ MR+++}
Stlth  ..........               D - +5 ring of evasion
                                Q - +3 ring of evasion

@: incredibly resistant to hostile enchantments, extremely unstealthy
A: fangs 3, talons 1, large bone plates 1, blink, clarity, deterioration 1,
regeneration 2, spit poison 1, weak 1, magic shield, antimagic bite, no device
heal 3, rot immunity
a: Spit Poison, Blink, Renounce Religion, Evoke Invisibility


You were on level 10 of the Dungeon.
You worshipped Xom.
You were a special plaything of Xom.
You were not hungry.

You visited 2 branches of the dungeon, and saw 11 of its levels.
You also visited: Bailey.

You collected 718 gold pieces.
You spent 262 gold pieces at shops.


Innate Abilities, Weirdness & Mutations

You have razor-sharp teeth.
You heal very quickly.
When hurt, damage is shared between your health and your magic reserves.
Your bite disrupts and absorbs the magic of your enemies.
Potions and wands cannot restore your health.
You are immune to rotting.
You have sharp toenails.
You are partially covered in large bone plates (AC +2, SH +2).
You can translocate small distances at will.
You possess an exceptional clarity of mind.
Your body sometimes deteriorates upon taking damage.
You can spit weak poison.
You are weak. (Str -2)


   Skills:
 - Level 2.6 Fighting
 + Level 11.5 Maces & Flails
 - Level 4.0 Armour
 - Level 4.0 Shields
 - Level 5.0 Evocations


You had 9 spell levels left.
You didn't know any spells.

Inventory:

Hand Weapons
 a - a +0 flail
 h - the +5 spear of Dung {freeze, rN+++ Str-5}
   (You found it on level 5 of the Dungeon)

   It has been specially enchanted to freeze those struck by it, causing extra
   injury to most foes and up to half again as much damage against particularly
   susceptible opponents.
   It can also slow down cold-blooded creatures.
   It affects your strength (-5).
   It renders you almost immune to negative energy.
 t - a +3 mace
 C - a +1 hunting sling of evasion
 J - a +4 morningstar of protection (weapon)
Missiles
 j - 279 stones
 k - 5 javelins of penetration (quivered)
 l - a throwing net {=f}
 m - 16 silver sling bullets
 B - 36 poisoned needles
 F - 56 sling bullets
 Z - 7 needles of paralysis
Armour
 b - a +1 scale mail
 c - a +0 shield
 q - a +0 buckler (worn)
 r - a +1 cloak
 u - a +2 cloak of invisibility (worn)
 H - a +0 chain mail
 N - a +0 helmet (worn)
 O - a +0 pair of gloves (worn)
 W - a +0 plate armour (worn)
Jewellery
 o - a ring of fire
 p - a ring of protection from magic
 s - an amulet of warding
 z - a ring of stealth
 A - a +2 ring of intelligence
 D - a +5 ring of evasion (right hand)
 K - the amulet of the Four Winds (around neck) {Clar rN+ MR+++}
   (You found it on level 6 of the Dungeon)

   [amulet of clarity]

   It provides mental clarity.
   It protects you from negative energy.
   It affects your resistance to hostile enchantments.
 Q - a +3 ring of evasion (left hand)
 S - a ring of protection from cold
Wands
 R - a wand of lightning (12)
 T - a wand of draining (8)
 U - a wand of lightning (4)
Scrolls
 g - 3 scrolls of enchant armour
 n - 3 scrolls of noise {!r}
 v - 5 scrolls of fear
 w - a scroll of remove curse
 y - 2 scrolls of recharging
 E - 2 scrolls of amnesia
 M - a scroll of teleportation {unknown}
 X - a scroll of vulnerability {unknown}
Potions
 d - a potion of might
 f - a potion of haste {unknown}
 i - a potion of invisibility {unknown}
 x - a potion of brilliance
 G - a potion of resistance
 I - 2 potions of lignification {!q}
 P - 2 potions of agility
 V - 2 potions of curing {unknown}
Books
 Y - a book of Fire
Comestibles
 e - 5 bread rations
 L - 2 meat rations

Dungeon Overview and Level Annotations

Branches:
Dungeon (10/15)            Temple (1/1) D:5            Lair (0/8) D:9
    Orc (0/4) D:9

Altars:
Ashenzari
Cheibriados
Dithmenos
Elyvilon
Fedhas
Gozag
Kikubaaqudgha
Makhleb
Nemelex Xobeh
Okawaru
Qazlal
Ru
Sif Muna
Trog
Vehumet
Xom
Yredelemnul
Zin
The Shining One

Shops:
D:5 (   D:7 [%%?

..............#
....8.........#
###............###########
+##.......o.................
.%........o.................
......#....................?
.......#...o..............#
#####.....##.#............#
#..!......##f.........#
#.....................#
#.....................#
#†....................#
#####.############........#
.....†# ########... ......#
... #####.# .. #.##


You could see 3 orc priests.


Message History

You destroy the centaur zombie!
You puncture the worm! You claw the worm, but do no damage. You bite the worm.
You drain its power.
The worm is almost dead.
You puncture the worm!
You kill the worm!
Things that are here:
a killer bee corpse x2
You see here a killer bee corpse.
You see here a potion of poison {!q}.
X - a scroll labeled BYEPOLEOPH
Found a burning altar of Makhleb. 2 orc priests come into view.
The orc priest shouts! x2
The orc priest mumbles some strange prayers to Beogh against you.
Something smites you!
The orc priest miscasts a cantrip.
The orc priest miscasts a cantrip.
The orc priest invokes the aid of Beogh against you.
Something smites you!
The orc priest mumbles some strange prayers to Beogh against you.
Something smites you!
* * * LOW HITPOINT WARNING * * *
The orc priest invokes the aid of Beogh against you.
Something smites you!
* * * LOW HITPOINT WARNING * * *
There is a stone staircase leading up here.
The orc priest invokes the aid of Beogh against you.
Something smites you!
You die...

Action                   |  1- 3 |  4- 6 |  7- 9 | 10-12 || total
-------------------------+-------+-------+-------+-------++-------
Melee: Flail             |    90 |    92 |       |       ||   182
       Mace              |       |    98 |   114 |       ||   212
       Morningstar       |       |       |   273 |    72 ||   345
       Unarmed           |       |       |     8 |       ||     8
 Fire: Hunting sling     |       |       |    13 |       ||    13
Throw: Javelin           |       |     8 |     1 |       ||     9
       Stone             |       |     1 |       |       ||     1
 Abil: Evoke Invisibilit |       |       |     2 |     1 ||     3
  Use: Scroll            |       |    10 |     7 |       ||    17
       Potion            |       |       |     4 |     1 ||     5
 Stab: Paralysed         |       |     2 |       |     1 ||     3
       Confused          |       |       |     2 |       ||     2
       Invisible         |       |       |     1 |     5 ||     6
  Eat: Chunk             |       |     7 |    16 |       ||    23
       Royal jelly       |       |       |     2 |       ||     2
       Meat ration       |       |       |     1 |       ||     1

Vault maps used:
D:1:      lightli_arrival_boilingwater, bh_walls_and_bars
D:2:      nicolae_ru_great_annihilating_truth, first_bread,
          uniq_crazy_yiuf_cottage
D:3:      lemuel_coloured_pillars_altar, nicolae_overflow_crystal_walls,
          ecumenical_altar_2, kennysheep_okawaru_gauntlet
D:4:      corexii_shack_village, kennysheep_mini_moat, uniq_blork_the_orc
D:5:      lemuel_round_altar, minmay_temple_entry_statues_pillars, serial_shops,
          kennysheep_mini, hangedman_minor_gate_pass, uniq_menkaure
D:7:      enter_bailey_7, serial_shops, shop, shop, nicolae_shop_statue_plus,
          shop
D:8:      kennysheep_nub, blue_anna_alchemist, st_stairs_7, uniq_psyche
D:9:      overflow_temple_1_default, david_lair_generic, erik_orc_1
D:10:     david_defended_altar_orc
Temple:   circular_temple_12
Bailey:   bailey_axe_of_yendor_kennysheep, bailey

Notes
Turn   | Place    | Note
--------------------------------------------------------------
     0 | D:1      | ventricule the Vine Stalker Fighter began the quest for the Orb.
     0 | D:1      | Reached XP level 1. HP: 11/11 MP: 2/2
    45 | D:1      | Reached skill level 2 in Maces & Flails
   286 | D:1      | Reached XP level 2. HP: 16/16 MP: 3/3
   679 | D:2      | Reached skill level 3 in Shields
   682 | D:2      | Reached XP level 3. HP: 19/19 MP: 4/4
   840 | D:2      | Reached XP level 4. HP: 23/23 MP: 5/5
   900 | D:2      | Reached skill level 3 in Armour
   963 | D:2      | Found a sacrificial altar of Ru.
  1015 | D:2      | Reached skill level 3 in Maces & Flails
  1087 | D:2      | Reached XP level 5. HP: 27/27 MP: 6/6
  1337 | D:2      | Noticed Crazy Yiuf
  1341 | D:2      | Killed Crazy Yiuf
  1440 | D:3      | Found a snail-covered altar of Cheibriados.
  1549 | D:3      | Found an iron altar of Okawaru.
  1718 | D:3      | Reached skill level 4 in Shields
  1728 | D:3      | Found a blossoming altar of Fedhas.
  1950 | D:3      | Found a faded altar to an unknown god.
  2335 | D:4      | Noticed Blork the orc
  2359 | D:4      | Killed Blork the orc
  2359 | D:4      | Gained mutation: You heal very quickly. [Vine Stalker growth]
  2359 | D:4      | Reached XP level 6. HP: 26/32 MP: 7/7
  2454 | D:4      | Reached skill level 4 in Maces & Flails
  2454 | D:4      | Reached skill level 4 in Armour
  2943 | D:4      | Reached XP level 7. HP: 32/35 MP: 8/8
  3094 | D:4      | Found a radiant altar of Vehumet.
  3306 | D:4      | Reached skill level 5 in Maces & Flails
  3310 | D:5      | Entered Level 5 of the Dungeon
  3358 | D:5      | Found a basalt altar of Yredelemnul.
  3852 | D:5      | Found a staircase to the Ecumenical Temple.
  3899 | Temple   | Entered the Ecumenical Temple
  3959 | Temple   | Became a worshipper of Xom of Chaos
  3985 | D:5      | XOM: potion effect (brilliance)
  4012 | D:5      | Noticed Menkaure
  4066 | D:5      | Reached skill level 6 in Maces & Flails
  4070 | D:5      | Gained mutation: You are robust (+10% HP). [mutagenic meat]
  4071 | D:5      | Lost mutation: You are robust (+10% HP). [mutagenic meat]
  4072 | D:5      | Gained mutation: You are weak. (Str -2) [mutagenic meat]
  4073 | D:5      | Gained mutation: You are partially covered in large bone plates (AC +2, SH +2). [mutagenic meat]
  4109 | D:5      | XOM: enchant monster (bad)
  4112 | D:5      | HP: 2/35 [Menkaure (9)]
  4114 | D:5      | XOM: divination: detect items
  4116 | D:5      | Killed Menkaure
  4154 | D:5      | XOM: noise
  4181 | D:5      | Noticed a wyvern
  4315 | D:5      | XOM: give mutation
  4315 | D:5      | Gained mutation: Your body sometimes deteriorates upon taking damage. [Xom's mischief]
  4341 | D:4      | Gained mutation: You have razor-sharp teeth. [Vine Stalker growth]
  4341 | D:4      | Reached XP level 8. HP: 8/39 MP: 2/9
  4440 | D:5      | XOM: confusion (+ monsters)
  4467 | D:5      | Reached skill level 7 in Maces & Flails
  4495 | D:5      | Got a transparent spear
  4498 | D:5      | Identified the +5 spear of Dung {freeze, rN+++ Str-5} (You found it on level 5 of the Dungeon)
  4499 | D:5      | XOM: 1-stop teleportation journey
  4665 | D:5      | Found Zeboti's Antique Weapon Shop.
  4668 | D:5      | Bought a runed morningstar for 116 gold pieces
  4772 | D:5      | XOM: smoke on damage
  4775 | D:5      | Killed a wyvern
  4965 | D:5      | Gained mutation: You can spit weak poison. [potion of mutation]
  4965 | D:5      | Gained mutation: You can translocate small distances at will. [potion of mutation]
  4965 | D:5      | Gained mutation: Scrolls take you a little longer to read. [potion of mutation]
  4966 | D:5      | Gained mutation: You have sharp toenails. [potion of mutation]
  4966 | D:5      | Gained mutation: Your mind is acute. (Int +2) [potion of mutation]
  5218 | D:6      | Reached skill level 1 in Evocations
  5221 | D:6      | Reached skill level 8 in Maces & Flails
  5358 | D:6      | XOM: 10-stop teleportation journey
  5476 | D:6      | XOM: destruction
  5478 | D:6      | Reached skill level 2 in Evocations
  5597 | D:6      | Identified a potion of resistance
  5791 | D:6      | XOM: colour smoke trail
  5918 | D:7      | Found Zakak's Armour Emporium.
  5930 | D:7      | Bought a +0 helmet for 58 gold pieces
  5930 | D:7      | Bought a +0 pair of gloves for 58 gold pieces
  5993 | D:7      | Found a flagged portal.
  6012 | Bailey   | Entered a bailey
  6049 | D:7      | XOM: silly message
  6170 | D:7      | Found Sotuqosch's Magic Scroll Boutique.
  6185 | D:7      | Bought a scroll of identify for 30 gold pieces
  6265 | D:7      | Found Guku Fuh's Food Emporium.
  6269 | D:7      | Found Egroifet's Food Shop.
  6328 | D:7      | XOM: torment (27/39 hp)
  6356 | D:7      | XOM: 3-stop teleportation journey
  6376 | D:7      | XOM: mild Hex miscast
  6405 | D:7      | XOM: harmless Summ miscast
  6407 | D:7      | Reached skill level 3 in Evocations
  6622 | D:6      | Reached XP level 9. HP: 38/43 MP: 10/12
  6635 | D:6      | XOM: give mutations
  6635 | D:6      | Gained mutation: You possess an exceptional clarity of mind. [Xom's mischief]
  6635 | D:6      | Lost mutation: Your mind is acute. (Int +2) [Xom's mischief]
  6671 | D:6      | XOM: silly message
  6888 | D:7      | XOM: give mutations
  6888 | D:7      | Lost mutation: Your body sometimes deteriorates upon taking damage. [Xom's mischief]
  6888 | D:7      | Gained mutation: You are very weak. (Str -4) [Xom's mischief]
  6888 | D:7      | Lost mutation: Scrolls take you a little longer to read. [Xom's mischief]
  7057 | D:7      | XOM: silly message
  7200 | D:8      | Reached skill level 4 in Evocations
  7334 | D:8      | Reached skill level 9 in Maces & Flails
  7476 | D:8      | Noticed Psyche
  7476 | D:8      | Noticed Psyche
  7476 | D:8      | Psyche changed into Psyche the golden eye
  7476 | D:8      | XOM: polymorph Psyche -> Psyche the golden eye
  7482 | D:8      | Killed Psyche the golden eye
  7675 | D:9      | Found a staircase to the Lair.
  7675 | D:9      | Noticed an elephant
  7706 | D:9      | XOM: blink monster(s)
  7721 | D:9      | XOM: cast spell 'Spider Form'
  7828 | D:9      | Found a bloodstained altar of Trog.
  7988 | D:9      | Reached skill level 5 in Evocations
  8056 | D:9      | XOM: medium Chrm miscast
  8064 | D:9      | XOM: enchant monster (bad)
  8073 | D:9      | XOM: summons 2 hostile demons
  8269 | D:9      | XOM: harmless Trmt miscast
  8299 | D:9      | XOM: medium Fire miscast
  8301 | D:9      | XOM: potion effect (agility)
  8306 | D:9      | XOM: divination: detect items
  8468 | D:9      | XOM: vitrification
  8477 | D:9      | Killed an elephant
  8477 | D:9      | Reached skill level 10 in Maces & Flails
  8499 | D:9      | Reached XP level 10. HP: 45/47 MP: 14/14
  8624 | D:9      | Found a staircase to the Orcish Mines.
  8666 | D:9      | Reached skill level 11 in Maces & Flails
  8675 | D:9      | XOM: polymorph orc -> gnoll
  8930 | D:9      | XOM: colour smoke trail
  8941 | D:10     | Entered Level 10 of the Dungeon
  8958 | D:10     | Gained mutation: Your body sometimes deteriorates upon taking damage. [potion of mutation]
  8958 | D:10     | Lost mutation: You are very weak. (Str -4) [potion of mutation]
  8968 | D:10     | XOM: chaos cloud
  8969 | D:10     | XOM: noise
  9006 | D:10     | Found a burning altar of Makhleb.
  9018 | D:10     | Killed from afar by an orc priest

Vanquished Creatures
  An elephant (D:9)
  A two-headed ogre (D:9)
  A wyvern (D:5)
  A steam dragon (D:10)
  A golden eye (D:8)
  Menkaure (D:5)
  A water moccasin (D:9)
  A swamp drake (D:9)
  A phantom (D:5)
  An ice beast (D:9)
  A sky beast (D:5)
  An ogre (D:9)
  2 orc warriors (D:9)
  A centaur (D:6)
  A crocodile (D:9)
  2 gnoll sergeants
  Blork the orc (D:4)
  2 giant frogs
  A big kobold (D:8)
  A scorpion (D:9)
  2 killer bees (D:10)
  3 centaur zombies
  A giant frog skeleton (D:8)
  A jelly (D:7)
  3 crimson imps
  A hound (D:6)
  Crazy Yiuf (D:2)
  7 worker ants
  7 orc priests
  2 iguanas
  A sheep (D:8)
  2 centaur skeletons
  10 orc wizards
  A hound skeleton (D:5)
  8 adders
  15 gnolls
  2 shadow imps (D:9)
  2 adder skeletons
  An adder zombie (D:7)
  5 worms
  4 giant geckos
  37 orcs
  2 ball pythons
  10 bats
  15 hobgoblins
  13 jackals
  5 quokkas
  11 giant cockroaches
  2 giant gecko skeletons (D:7)
  7 giant newts
  12 goblins
  7 kobolds
  A quokka skeleton (D:6)
  7 rats
231 creatures vanquished.

Vanquished Creatures (others)
  A giant frog (D:6)
  A killer bee (D:10)
  An orc (D:9)
3 creatures vanquished.

Grand Total: 234 creatures vanquished
